 Dungeon Crawl Stone Soup version 0.19.0-24-gb05acd6 (webtiles) character file.

303 Edgeworth the Poker (level 6, -1/38 HPs)
             Began as a Tengu Wanderer on Nov 21, 2016.
             Was a Follower of Uskayaw.
             Slain by Menkaure (16 damage)
             ... on level 4 of the Dungeon.
             The game lasted 00:24:56 (3051 turns).

Edgeworth the Poker (Tengu Wanderer)                Turns: 3051, Time: 00:24:56

Health: -1/38      AC: 17    Str: 14    XL:     6   Next: 38%
Magic:  7/7        EV:  0    Int: 12    God:    Uskayaw [*.....]
Gold:   118        SH:  0    Dex: 14    Spells: 0 memorised, 5 levels left

rFire  . . .     SeeInvis .     c - +0 spear
rCold  . . .     Gourm    .     i - +3 plate armour
rNeg   . . .     Faith    .     w - +0 large shield
rPois  .         Spirit   .     (helmet restricted)
rElec  .         Reflect  +     r - +0 cloak
rCorr  .         Harm     .     t - +0 pair of gloves
MR     .....                    (boots unavailable)
Stlth  ..........               v - +2 amulet of reflection
                                (no ring)
                                (no ring)

@: confused
A: beak, talons 3, able to fly 1
a: Fly, Stomp, Renounce Religion


You were on level 4 of the Dungeon.
You worshipped Uskayaw.
Uskayaw was noncommittal.
You were not hungry.

You visited 1 branch of the dungeon, and saw 4 of its levels.
You also visited: Sewer.

You collected 118 gold pieces.

Inventory:

Hand Weapons
 b - a +2 blowgun
 c - a +0 spear (weapon)
 f - a +0 dagger
Missiles
 a - 3 curare-tipped needles
 e - 30 poisoned needles
Armour
 i - a +3 plate armour (worn)
 r - a +0 cloak (worn)
 t - a +0 pair of gloves (worn)
 w - a +0 large shield (worn)
Jewellery
 m - an uncursed amulet of guardian spirit
 p - an uncursed amulet of guardian spirit
 v - a +2 amulet of reflection (around neck)
Scrolls
 o - a scroll of fear {unknown}
 q - a scroll of blinking {unknown}
 x - 4 scrolls of enchant weapon {unknown}
 z - a scroll of amnesia {unknown}
 C - a scroll of random uselessness {unknown}
Potions
 n - a potion of ambrosia
 s - a potion of brilliance
 u - a potion of flight {unknown}
 B - a potion of agility {unknown}
 D - a potion of mutation {unknown}
 E - a potion of lignification {unknown}
Comestibles
 g - a bread ration
 k - a meat ration


   Skills:
 + Level 4.0 Fighting
 + Level 5.0 Polearms
 - Level 1.0 Throwing
 * Level 3.9 Armour
 - Level 1.2 Dodging
 - Level 2.1 Stealth
 + Level 1.7 Shields


You had 5 spell levels left.
You didn't know any spells.

Dungeon Overview and Level Annotations

Branches:
Dungeon (4/15)
 Temple: D:4-7

Altars:
Ashenzari
Dithmenos
Nemelex Xobeh
Qazlal
Uskayaw
Vehumet
Yredelemnul

Annotations:
D:4 Menkaure; loom's ghost, amateur GrFi


Innate Abilities, Weirdness & Mutations

You have a beak for a mouth.
You have claws for feet.
You can fly.


Message History

Menkaure is moderately damaged.
Menkaure casts a spell at you. Pain shoots through your body!
* * * LOW HITPOINT WARNING * * *
You block the worker ant's attack.
You feel much better. Menkaure hits you! You block the worker ant's attack.
Menkaure blazes with dark energy!
Menkaure hits you but does no damage.
You are confused.
You feel invigorated.
The worker ant bites you but does no damage.
Menkaure calls on the powers of darkness!
Your body is wracked with pain!
The worker ant convulses!
The worker ant bites you but does no damage.
Menkaure hits you.
* * * LOW HITPOINT WARNING * * *
You closely miss Menkaure.
Menkaure is moderately damaged.
Menkaure hits you!
You die...

############
#...........
#...........
#...........
#...aM......
#...@.......
#...........
#..######...
###..#....# ..
##....#....+ .
#.....'....#
#.....#....#
#+######+#.....######
......)............


You could see Menkaure and a worker ant.

Vanquished Creatures
  Purgy (Sewer)
  A necrophage (D:3)
  5 adders
  A river rat (D:3)
  5 worms
  2 dart slugs (D:1)
  4 ball pythons (D:3)
  A bat (D:1)
  4 giant cockroaches
  6 goblins
  8 hobgoblins
  2 jackals (Sewer)
  A quokka (D:3)
  2 frilled lizards (D:1)
  7 kobolds
  7 rats
57 creatures vanquished.

Notes
Turn   | Place    | Note
-------+----------+-------------------------------------------
     0 | D:1      | Edgeworth the Tengu Wanderer began the quest for the Orb.
     0 | D:1      | Edgeworth set off with: 3 curare-tipped needles, a +2 blowgun, a +0 spear, a scroll of teleportation, a +0 robe, a +0 dagger, a bread ration
     0 | D:1      | Reached XP level 1. HP: 14/14 MP: 2/2
   152 | D:1      | Reached XP level 2. HP: 19/19 MP: 3/3
   744 | D:2      | Reached XP level 3. HP: 23/23 MP: 4/4
   850 | D:2      | Found a radiant altar of Vehumet.
   852 | D:2      | Found a basalt altar of Yredelemnul.
   852 | D:2      | Found a sparkling altar of Nemelex Xobeh.
   874 | D:2      | Found a stormy altar of Qazlal.
   888 | D:2      | Found a hide-covered altar of Uskayaw.
   935 | D:2      | Became a worshipper of Uskayaw the Reveler
   988 | D:2      | Reached * piety under Uskayaw
   990 | D:2      | Reached ** piety under Uskayaw
   994 | D:2      | Reached skill level 1 in Armour
  1140 | D:2      | Found a shadowy altar of Dithmenos.
  1187 | D:2      | Reached skill level 4 in Polearms
  1189 | D:2      | Reached *** piety under Uskayaw
  1262 | D:2      | Reached XP level 4. HP: 28/28 MP: 5/5
  1556 | D:3      | Noticed a necrophage
  1569 | D:3      | Killed a necrophage
  1569 | D:3      | Gained mutation: You can fly. [Tengu growth]
  1569 | D:3      | Reached XP level 5. HP: 30/33 MP: 4/6
  1862 | D:3      | Found a shattered altar of Ashenzari.
  2150 | D:3      | Found a glowing drain.
  2161 | D:3      | Reached skill level 1 in Shields
  2181 | Sewer    | Entered a sewer
  2244 | Sewer    | Noticed Purgy
  2268 | Sewer    | Reached **** piety under Uskayaw
  2275 | Sewer    | Reached ***** piety under Uskayaw
  2282 | Sewer    | Killed Purgy
  2282 | Sewer    | Reached skill level 5 in Polearms
  2282 | Sewer    | Reached XP level 6. HP: 16/38 MP: 3/7
  2662 | D:4      | Noticed loom's ghost (amateur GrFi)
  3035 | D:4      | Noticed Menkaure
  3051 | D:4      | Slain by Menkaure

Skill      XL: |  1  2  3  4  5  6 |
---------------+-------------------+-----
Armour         | 1 3 |  3.9
Polearms       | 4 5 |  5.0
Shields        | 1 |  1.7
Fighting       | 4 |  4.0
Throwing       | |  1.0
Dodging        | |  1.2
Stealth        | |  2.1

Action                   |  1- 3 |  4- 6 || total
-------------------------+-------+-------++-------
Melee: Spear             |   133 |   228 ||   361
       Kick              |    35 |    66 ||   101
       Peck              |    14 |    45 ||    59
  Use: Scroll            |     1 |     6 ||     7
       Potion            |     1 |     3 ||     4
 Stab: Sleeping          |     3 |       ||     3
       Paralysed         |     1 |     2 ||     3
  Eat: Chunk             |     1 |     5 ||     6
       Beef jerky        |       |     1 ||     1
Armor: Robe              |     1 |       ||     1
       Plate armour      |    85 |   165 ||   250
Dodge: Dodged            |    17 |     6 ||    23
Block: Shield            |     5 |       ||     5
       Large shield      |       |   137 ||   137
